Map: Lost and Found LE

Players

cccp

  • Race: Zerg Zerg
  • League: Platinum
  • Spawn Location: 1:00

Swatopluke - Winner!

  • Race: Protoss Protoss
  • League: Platinum
  • Spawn Location: 7:00

VOD

Have the link to the VOD?

Description

Time

  • Played on: Nov. 12, 2018, 5:28 p.m.
  • Length: 10:14
Show
View Real Time Build Order
Export as new Build Order

cccp Zerg 

Build Orders: Hatch First 

Get SALT Encoding   

  12  0:02  Drone  
  13  0:12  Drone  
  14  0:34  Hatchery  
  13  0:40  Drone  
  14  0:55  Spawning Pool  
  13  1:00  Overlord  
  13  1:17  Drone  
  14  1:20  Drone x2  
  16  1:31  Drone  
  17  1:40  Drone  
  17  1:41  Queen  
  17  1:46  Queen  
  22  1:48  Zergling x2  
  23  2:02  Drone x3  
  26  2:08  Extractor  
  26  2:11  Drone  
  26  2:14  Drone  
  27  2:25  Drone  
  27  2:26  Overlord  
  28  2:39  Overlord  
  28  2:44  Queen x2  
  31  2:54  Overlord x2  
  31  2:55  Zergling x6  
  34  2:59  Zergling x2  
  34  3:00  Zergling x2  
  36  3:11  Zergling x8  
  39  3:29  Zergling x8  
  39  3:31  Zergling x2  
  39  3:32  Zergling x4  
  42  3:37  Zergling x2  
  42  3:38  Zergling x4  
  42  3:39  Zergling x2  
  40  4:07  Zergling x2  
  40  4:08  Zergling x10  
  40  4:20  Zergling x4  
  41  4:28  Metabolic Boost  
  41  4:33  Baneling Nest  
  41  4:35  Drone x2  
  42  4:41  Overlord x2  
  41  5:05  Zergling x16  
  49  5:12  Drone  
  48  5:32  Zergling x2  
  48  5:33  Zergling x14  
  44  5:54  Drone x7  
  40  6:11  Zergling x8  
  42  6:34  Hatchery  
  41  6:44  Baneling x7  
  41  6:53  Drone x6  
  41  6:54  Drone x5  
  49  7:11  Drone x5  
  49  7:14  Extractor  
  53  7:16  Extractor  
  53  7:21  Zergling x14  
  59  7:33  Baneling  
  59  7:34  Baneling x7  
  59  7:37  Zergling x4  
  59  7:38  Zergling x2  
  59  7:44  Baneling x12  
  62  7:46  Zergling x4  
  62  7:49  Zergling x4  
  47  8:15  Drone x2  
  47  8:16  Drone x10  
  55  8:26  Drone  
  55  8:27  Queen  
  54  8:30  Queen  
  58  8:40  Lair  
  58  8:43  Extractor  
  57  9:02  Zergling x2  
  58  9:03  Zergling x26  
  71  9:16  Roach Warren  
  70  9:38  Hatchery  
  62  9:43  Zergling x14  
  62  9:44  Zergling x10  
Show
View Real Time Build Order
Export as new Build Order

Swatopluke Protoss - Winner!

Build Orders: Mass Adepts, Zealot Archon 

Get SALT Encoding   

  12  0:00  Probe  
  13  0:13  Probe  
  14  0:19  Pylon  
  14  0:25  Probe  
  15  0:36  Probe  
  15  0:37  Gateway  
  16  0:44  Probe  
  16  0:48  Assimilator  
  17  0:54  Probe  
  18  1:06  Gateway  
  18  1:08  Probe  
  19  1:16  Assimilator  
  19  1:19  Probe  
  19  1:25  Cybernetics Core  
  20  1:27  Probe  
  21  1:35  Probe  
  22  1:45  Pylon  
  22  1:54  Adept  
  22  1:59  Warp Gate  
  22  2:03  Adept  
  22  2:05  Twilight Council  
  26  2:21  Adept  
  28  2:23  Pylon  
  28  2:30  Adept  
  30  2:43  Resonating Glaives  
  30  2:48  Adept  
  32  2:58  Adept, Gateway  
  34  3:01  Pylon  
  34  3:21  Adept  
  34  3:47  Probe  
  35  3:56  Nexus  
  35  3:59  Probe  
  32  4:11  Probe  
  29  4:28  Charge  
  29  4:29  Probe  
  30  4:38  Adept x3, Pylon  
  34  4:39  Gateway  
  34  4:41  Probe, Gateway  
  33  5:08  Shield Battery  
  33  5:09  Probe  
  33  5:10  Adept x2, Shield Battery  
  33  5:11  Adept  
  40  5:21  Probe  
  41  5:22  Templar Archives  
  37  5:41  Adept x4  
  45  5:44  Probe  
  46  5:56  Probe  
  35  6:17  Adept x2  
  39  6:19  High Templar x2  
  39  6:23  Archon  
  43  6:30  Assimilator  
  43  6:32  Psionic Storm, Assimilator  
  43  6:37  Adept  
  43  6:38  Zealot  
  43  6:39  Zealot  
  49  6:44  Probe  
  50  6:50  Zealot x2  
  54  6:56  Probe, Gateway  
  54  6:59  Probe  
  56  7:07  Zealot x3  
  56  7:08  Probe, Zealot  
  60  7:13  High Templar  
  63  7:17  Probe  
  63  7:18  Probe  
  65  7:25  Probe  
  65  7:27  Probe  
  66  7:34  Probe  
  66  7:35  High Templar  
  69  7:43  Pylon  
  70  7:45  Pylon  
  48  8:13  Zealot x4  
  48  8:14  Zealot  
  48  8:15  Probe x2  
  56  8:32  High Templar  
  56  8:34  High Templar x2  
  56  8:37  Zealot x2  
  56  8:38  High Templar  
  56  8:39  Probe x2  
  68  8:51  Probe x2, Nexus  
  68  8:52  Archon  
  68  8:53  Archon  
  70  8:59  Zealot x2  
  74  9:03  Robotics Facility  
  74  9:06  Zealot x3  
  80  9:10  High Templar  
  80  9:16  Probe x2  
  84  9:20  Assimilator  
  84  9:22  Pylon  
  84  9:28  Probe x2  
  84  9:38  Assimilator  
  84  9:52  Probe x2  
  86  9:54  Zealot x4  
Tags
 
Add a new tag
Caveats
  • Supply blocks, unpowered buildings, or Contaminate may cause inaccurate times.
  • Supply counts are checked every 10 seconds.